 Dungeon Crawl Stone Soup version 0.17.0-56-gd8de76c (webtiles) character file.

847 gorblad the Skirmisher (level 7, -1/60 HPs)
             Began as a Centaur Fighter on Dec 5, 2015.
             Was a Follower of Okawaru.
             Slain by Prince Ribbit (13 damage)
             ... on level 6 of the Dungeon.
             The game lasted 00:10:43 (5428 turns).

gorblad the Skirmisher (Centaur Fighter)            Turns: 5428, Time: 00:10:43

Health: -1/60      AC:  3    Str: 20    XL:     7   Next: 68%
Magic:  0/0        EV:  4    Int: 12    God:    Okawaru [*.....]
Gold:   220        SH:  9    Dex:  9    Spells: 0 memorised, 6 levels left

rFire  + + .     SeeInvis .     k - +2 war axe (distort)
rCold  . . .     Clarity  .     b - +0 scale mail
rNeg   . . .     SustAt   .     c - +0 shield
rPois  .         Gourm    .     (no helmet)
rElec  .         Spirit   .     (no cloak)
rCorr  .         Warding  .     (no gloves)
rMut   .         Stasis   +     t - +0 centaur barding
MR     +....                    q - amulet of Ethics {Stasis rF+ MP-9 Int+5}
Stlth  ..........               l - ring of protection from magic
                                j - ring of protection from fire

@: corroded equipment, very quick, somewhat resistant to hostile enchantments,
extremely unstealthy
A: hooves 3, deformed body, speed 2, tough skin 3
a: Heroism, Renounce Religion


You were on level 6 of the Dungeon.
You worshipped Okawaru.
Okawaru was aware of your devotion.
You were hungry.

You visited 1 branch of the dungeon, and saw 6 of its levels.

You collected 314 gold pieces.
You spent 94 gold pieces at shops.

Inventory:

Hand Weapons
 a - a +0 war axe
 k - a +2 war axe of distortion (weapon)
Armour
 b - a +0 scale mail (worn)
 c - a +0 shield (worn)
 t - a +0 centaur barding (worn)
Jewellery
 j - a ring of protection from fire (left hand)
 l - a ring of protection from magic (right hand)
 q - the amulet of Ethics (around neck) {Stasis rF+ MP-9 Int+5}
   (You found it on level 4 of the Dungeon)

   [amulet of stasis]

   It prevents you from being teleported, slowed, hasted or paralysed.
   It affects your intelligence (+5).
   It protects you from fire.
   It affects your magic capacity (-9).
Scrolls
 h - 3 scrolls of remove curse
 v - a scroll of fear
Potions
 f - a potion of lignification {unknown}
 m - a potion of agility
 n - a potion of magic
 o - a potion of mutation {unknown}
 u - a potion of poison {unknown}
Comestibles
 d - 5 fruits
 e - 5 bread rations
 i - 2 beef jerkies
 r - a slice of pizza
 w - a meat ration


   Skills:
 + Level 4.7 Fighting
 + Level 4.1 Axes
 + Level 3.7 Armour
 + Level 2.3 Dodging
 + Level 0.2 Stealth
 + Level 3.7 Shields


You had 6 spell levels left.
You didn't know any spells.

Dungeon Overview and Level Annotations

Branches:
Dungeon (6/15)
 Temple: D:4-7

Altars:
Dithmenos
Elyvilon
Fedhas
Gozag
Nemelex Xobeh
Okawaru
Qazlal
Ru
Yredelemnul

Shops:
D:4 *

Annotations:
D:6 Prince Ribbit


Innate Abilities, Weirdness & Mutations

You have hooves in place of feet.
Armour fits poorly on your strangely shaped body.
You cover ground very quickly.
You have extremely tough skin (AC +3).


Message History

Prince Ribbit is moderately wounded.
You block Prince Ribbit's attack. Prince Ribbit hits you.
You closely miss Prince Ribbit. Your kick misses Prince Ribbit.
Prince Ribbit is moderately wounded.
Prince Ribbit blinks!
Prince Ribbit momentarily phases out as your attack passes through him.
Prince Ribbit is moderately wounded.
Prince Ribbit hits you! Prince Ribbit hits you.
You hit Prince Ribbit but do no damage.
Prince Ribbit is moderately wounded.
Prince Ribbit hits you!
* * * LOW HITPOINT WARNING * * *
You are too injured to fight recklessly!
You are too injured to fight recklessly!
You are too injured to fight recklessly!
You are too injured to fight recklessly!
You miss Prince Ribbit. You kick Prince Ribbit.
Prince Ribbit is moderately wounded.
Prince Ribbit hits you!
You die...

*,***,,,,,*,*,,,,,,,*,******
*,* *,..,,#.*,*****,*,*** *,*
*,...,#.*,,,,,,,,,..* *,*
*,....#.#####**,*,#.###### *,*
*,....#.#...,,,,#,#....... *,*
**.........#*****.#....... *,*
*.........+,,,,,......... *,*
*.........#########....ยง.
*,****......F@................
*,,,,,.........######.#.......
*****,####.....# #.#.#.....
*,* #.....# #.._..####
******,* #...$.# ###.#.##..
*,,,,,,* ####### #...##..
***,**** ######.. *,* #.. *,*
#..


You could see Prince Ribbit.

Vanquished Creatures
  Grinder (D:5)
  Eustachio (D:4)
  An ogre (D:5)
  A giant frog zombie (D:6)
  2 jellies (D:5)
  Ijyb (D:3)
  A worker ant (D:4)
  A killer bee zombie (D:5)
  A worker ant zombie (D:5)
  5 gnolls
  9 adders
  A shadow imp (D:5)
  5 worms
  An adder skeleton (D:4)
  3 giant geckos
  9 orcs
  3 ball pythons
  11 bats
  3 giant cockroaches
  13 goblins
  11 hobgoblins
  4 jackals (D:2)
  A quokka (D:3)
  A giant gecko skeleton (D:5)
  A giant newt (D:3)
  10 kobolds
  7 rats
108 creatures vanquished.

Vanquished Creatures (others)
  A giant gecko (D:6)
1 creature vanquished.

Grand Total: 109 creatures vanquished

Notes
Turn   | Place    | Note
--------------------------------------------------------------
     0 | D:1      | gorblad the Centaur Fighter began the quest for the Orb.
     0 | D:1      | Reached XP level 1. HP: 19/19 MP: 1/1
   181 | D:1      | Reached XP level 2. HP: 17/26 MP: 2/2
   330 | D:1      | Found a sparkling altar of Nemelex Xobeh.
   719 | D:2      | Reached XP level 3. HP: 31/31 MP: 3/3
  1351 | D:2      | Reached XP level 4. HP: 18/38 MP: 4/4
  2116 | D:3      | Noticed Ijyb
  2153 | D:3      | Killed Ijyb
  2153 | D:3      | Reached XP level 5. HP: 43/46 MP: 5/5
  2353 | D:3      | Reached skill level 1 in Dodging
  2795 | D:4      | Found Xaimaf's Assorted Antiques.
  2803 | D:4      | Bought a runed war axe for 94 gold pieces
  2823 | D:4      | Found a stormy altar of Qazlal.
  2853 | D:4      | Reached skill level 4 in Fighting
  2882 | D:4      | Got a coiled diamond amulet
  2909 | D:4      | Found an opulent altar of Gozag.
  3105 | D:4      | Found an iron altar of Okawaru.
  3134 | D:4      | Became a worshipper of Warmaster Okawaru
  3263 | D:4      | Noticed Eustachio
  3432 | D:4      | Killed Eustachio
  3432 | D:4      | Reached XP level 6. HP: 52/52 MP: 6/6
  3446 | D:4      | Found a shadowy altar of Dithmenos.
  4006 | D:4      | Found a sacrificial altar of Ru.
  4007 | D:4      | Found a blossoming altar of Fedhas.
  4135 | D:4      | Identified the amulet of Ethics {Stasis rF+ MP-9 Int+5} (You found it on level 4 of the Dungeon)
  4140 | D:5      | Entered Level 5 of the Dungeon
  4248 | D:5      | Found a white marble altar of Elyvilon.
  4472 | D:5      | Noticed Grinder
  4476 | D:5      | Reached XP level 7. HP: 50/60 MP: 0/7
  4488 | D:5      | Killed Grinder
  4488 | D:5      | Reached * piety under Okawaru
  5041 | D:5      | Found a sacrificial altar of Ru.
  5144 | D:6      | Noticed Prince Ribbit
  5392 | D:6      | Found a basalt altar of Yredelemnul.
  5428 | D:6      | Slain by Prince Ribbit

Action                   |  1- 3 |  4- 6 |  7- 9 || total
-------------------------+-------+-------+-------++-------
Melee: War axe           |   131 |   157 |    48 ||   336
  Use: Scroll            |     2 |    11 |     2 ||    15
       Potion            |       |     2 |     2 ||     4
  Eat: Chunk             |     1 |     6 |     2 ||     9
       Fruit             |       |     2 |       ||     2
